 Dungeon Crawl Stone Soup version 0.30.1-4-g462c640d31 (webtiles) character file.

Game seed: 1739034503178239122

34076 Anriel the Fighter (level 13, -11/111 HPs)
             Began as a Demigod Gladiator on Aug 22, 2023.
             Mangled by a bone dragon (13 damage)
             ... on level 2 of the Abyss.
             The game lasted 01:29:08 (13908 turns).

Anriel the Fighter (Demigod Gladiator)             Turns: 13908, Time: 01:29:08

Health: -11/111    AC: 21    Str: 19    XL:     13   Next: 10%
Magic:  5/5        EV: 11    Int: 12    God:
Gold:   179        SH: 12    Dex: 27    Spells: 12/12 levels left

rFire   + . .        F - +8 long sword "Todghexu" {antimagic, Int+2 SInv Stlth+}
rCold   + + .        f - +0 kite shield
rNeg    . . .        L - +0 plate armour {rC+}
rPois   .            v - +0 helmet
rElec   .            r - +2 cloak
rCorr   .            (no gloves)
SInv    +            J - +1 pair of boots
Will    +....        x - amulet of regeneration Stlth
                     g - ring of protection from fire
HPRegen 0.00/turn    l - ring of protection from cold
MPRegen 0.09/turn

%: no passive effects
@: sick, hasted, very quick
A: high MP 1, forlorn, divine attributes
a: no special abilities


You were on level 2 of the Abyss.
You visited 2 branches of the dungeon, and saw 15 of its levels.
You visited the Abyss 1 time.
You also visited: Ossuary.

You collected 773 gold pieces.
You spent 594 gold pieces at shops.

Inventory:

Hand Weapons
 a - a +0 great sword of electrocution
 b - a +1 scimitar of flaming
 c - a +3 shortbow of freezing
 j - a +3 longbow of flaming
 k - the +1 flail "Mijeepo" {venom, Int+4}
   (You found it on level 13 of the Dungeon)

   Int:       It affects your intelligence (+4).
 F - the +8 long sword "Todghexu" (weapon) {antimagic, Int+2 SInv Stlth+}
   (You found it on level 11 of the Dungeon)

   Int:       It affects your intelligence (+2).
   SInv:      It lets you see invisible.
   Stlth:     It makes you more stealthy.
Missiles
 d - a throwing net (quivered)
 t - 5 boomerangs
 D - 6 javelins
Armour
 e - a scarf of shadows
 f - a +0 kite shield (worn)
 r - a +2 cloak (worn)
 v - a +0 helmet (worn)
 J - a +1 pair of boots (worn)
 K - a +2 chain mail of poison resistance
 L - a +0 plate armour of cold resistance (worn)
Jewellery
 g - a ring of protection from fire (left hand)
 l - a ring of protection from cold (right hand)
 x - an amulet of regeneration (around neck)
 z - a ring of protection from fire
 H - a +6 ring of strength
Wands
 i - a wand of polymorph (18)
 w - a wand of paralysis (6)
Scrolls
 o - 2 scrolls of immolation
 s - 3 scrolls of identify
 y - a scroll of silence
 B - 4 scrolls of poison
 N - a scroll of magic mapping
Potions
 m - 4 potions of mutation
 n - 3 potions of flight
 q - a potion of cancellation
 M - 2 potions of brilliance
Miscellaneous
 G - a tin of tremorstones (inert)


   Skills:
 - Level 9.4 Fighting
 - Level 9.4 Long Blades
 - Level 3.0 Ranged Weapons
 + Level 8.0 Throwing
 - Level 9.0 Armour
 - Level 9.0 Dodging
 * Level 4.2 Shields
 + Level 7.5 Evocations


You had 12 spell levels left.
You didn't know any spells.
Your spell library contained the following spells:

 Spells                   Type           Power      Damage    Failure   Level
 Apportation              Tloc           0%         N/A       100%        1
 Freeze                   Ice            0%         1d3       100%        1
 Kiss of Death            Conj/Necr      0%         2d5       100%        1
 Sublimation of Blood     Necr           0%         N/A       100%        2
 Wereblood                Tmut           0%         N/A       100%        2
 Confusing Touch          Hex            0%         N/A       100%        3
 Dazzling Flash           Conj/Hex       0%         N/A       100%        3
 Frozen Ramparts          Ice            0%         1d1       100%        3
 Hailstorm                Conj/Ice       0%         3d3       100%        3
 Volatile Blastmotes      Fire/Tloc      0%         2d10      100%        3
 Dispel Undead            Necr           0%         3d6       100%        4
 Iskenderun's Mystic Bla  Conj/Tloc      0%         2d3       100%        4
 Alistair's Intoxication  Tmut/Pois      0%         N/A       100%        5
 Starburst                Conj/Fire      0%         6d3       100%        6
 Summon Hydra             Summ           0%         N/A       100%        7


Dungeon Overview and Level Annotations

Branches:
Dungeon (14/15)            Temple (1/1) D:5            Lair (0/5) D:9
    Orc (0/2) D:10         Vaults (0/5) D:13        Ossuary (visited)

Shops:
D:3 (   D:6 (   D:8 !   D:13 ?


Innate Abilities, Weirdness & Mutations

You have an increased reservoir of magic. (+10% MP)
You shall have no god before yourself.
Your divine heritage dramatically boosts your attributes as you level up.


Message History

The boomerang of dispersal hits the bone dragon and shatters, but does no damage.
The bone dragon is moderately damaged.
Throw: boomerang (disperse)
Press: ? - help, Q - select action, (/) - cycle Shift-Dir - straight line, f/p - bone dragon
Aim: a bone dragon (moderately damaged, 87% to hit)
You throw a boomerang of dispersal.
The boomerang of dispersal hits the bone dragon and shatters for extra damage!
The bone dragon blinks!
You hit the bone dragon.
The bone dragon is moderately damaged.
You block the bone dragon's attack. x3
You hit the bone dragon.
The bone dragon is moderately damaged.
You barely miss the bone dragon.
The bone dragon is moderately damaged.
The bone dragon closely misses you.
The bone dragon claws you but does no damage.
The bone dragon tramples you but does no damage.
You hit the bone dragon.
The bone dragon is moderately damaged.
The bone dragon bites you!
* * * LOW HITPOINT WARNING * * *
You block the bone dragon's attack. The bone dragon tramples you!
* * * LOW HITPOINT WARNING * * *
You hold your ground!
Okay, then.
Throw: 3 throwing nets
Press: ? - help, Q - select action, (/) - cycle Shift-Dir - straight line, f/p - bone dragon
Aim: a bone dragon (moderately damaged, 87% to hit, immune to nets)
You throw a throwing net. The throwing net hits the bone dragon.
The bone dragon is too large for the net to hold!
The bone dragon is moderately damaged.
Throw: 2 throwing nets
Press: ? - help, Q - select action, (/) - cycle Shift-Dir - straight line, f/p - bone dragon
Aim: a bone dragon (moderately damaged, 87% to hit, immune to nets)
You throw a throwing net. The throwing net hits the bone dragon.
The bone dragon is too large for the net to hold!
The bone dragon is moderately damaged.
You block the bone dragon's attack. x2; The bone dragon tramples you!
You die...

. # . #
.. . D#.
# #..
#.#.# #
# # . .
.#. # #
##....
....
##.#
...##
.#. #.##
#.#. ..
..## ..#
.#. ## #
#D# #
#.#.
..#.##@#
#.. #. #
#.## ..
#. ###
..# #.#
. .


You could see a bone dragon.

Vanquished Creatures
  Rupert (D:13)
  Frances (D:12)
  Nessos (D:13)
  2 hydras
  Erica (D:10)
  A centaur warrior (D:13)
  A catoblepas (D:14)
  3 two-headed ogres
  2 tengu warriors (D:13)
  A boulder beetle (D:14)
  Sonja (D:12)
  A skeletal warrior (D:14)
  An orc knight (D:13)
  2 deep elf pyromancers (D:14)
  A cyclops (D:11)
  7 ugly things
  A moth of wrath (shapeshifter) (D:14)
  A gargoyle (D:13)
  A kobold demonologist (D:13)
  An ancient zyme (Abyss:2)
  4 trolls
  2 hornets
  Prince Ribbit (D:8)
  3 raiju (Abyss:2)
  3 shadows
  Sigmund (D:4)
  4 slime creatures (D:12)
  A vampire (D:10)
  5 wraiths
  30 yaks
  A wyvern (D:11)
  16 humans (D:13)
  A steam dragon (D:8)
  4 vampire mosquitoes (D:13)
  Edmund (D:5)
  An acid dragon (D:10)
  A water moccasin (D:7)
  8 orc warriors
  A meliai simulacrum (D:14)
  2 black bears (D:5)
  3 ice beasts
  A sky beast (D:8)
  An ogre (D:6)
  13 centaurs
  A phantom (D:5)
  3 kobold brigands
  6 bullfrogs
  A gnoll sergeant (D:13)
  A necrophage (D:7)
  4 scorpions
  9 killer bees
  4 howler monkeys
  4 centaur zombies
  2 human zombies (Ossuary)
  3 hounds
  6 jellies
  10 orc priests
  2 gnoll boudas
  4 iguanas
  3 sleepcaps (D:5)
  12 orc wizards
  A hound skeleton (D:7)
  2 mummies (Ossuary)
  11 gnolls
  11 adders
  2 shadow imps
  3 white imps
  3 ufetubi
  A dart slug (D:2)
  62 orcs
  10 ball pythons
  7 endoplasms
  9 giant cockroaches
  6 goblins
  4 hobgoblins
  4 jackals
  23 kobolds
  3 quokkas
  8 bats
  3 frilled lizards
  2 goblin zombies (Ossuary)
  8 hobgoblin zombies (Ossuary)
  4 jackal zombies (Ossuary)
  14 kobold zombies (Ossuary)
  4 orc zombies (Ossuary)
  11 rats
430 creatures vanquished.

Vanquished Creatures (others)
  An orc wizard (D:7)
  A quokka (D:8)
2 creatures vanquished.

Grand Total: 432 creatures vanquished

Notes
Turn   | Place    | Note
-------+----------+-------------------------------------------
     0 | D:1      | Anriel the Demigod Gladiator began the quest for the Orb.
     0 | D:1      | Reached XP level 1. HP: 17/17 MP: 3/3
   165 | D:1      | Reached skill level 1 in Armour
   183 | D:1      | Reached XP level 2. HP: 23/24 MP: 4/4
  1117 | D:2      | Reached XP level 3. HP: 26/29 MP: 5/5
  1146 | D:2      | Reached XP level 4. HP: 36/36 MP: 6/6
  1983 | D:3      | Reached XP level 5. HP: 31/42 MP: 7/7
  2204 | D:3      | Found Lykhacsi's Antique Weapon Shoppe.
  2689 | D:4      | Noticed Sigmund
  2783 | D:5      | Entered Level 5 of the Dungeon
  3025 | D:5      | Found a staircase to the Ecumenical Temple.
  3033 | Temple   | Entered the Ecumenical Temple
  3230 | D:5      | Reached XP level 6. HP: 40/51 MP: 8/8
  3246 | D:5      | Reached skill level 1 in Evocations
  3388 | D:5      | Noticed Edmund
  3457 | D:4      | Killed Sigmund
  3458 | D:4      | Reached XP level 7. HP: 58/58 MP: 9/9
  3976 | D:3      | Bought a great sword for 149 gold pieces
  4077 | D:5      | Killed Edmund
  4472 | D:5      | Reached skill level 5 in Long Blades
  4484 | D:5      | Reached XP level 8. HP: 34/67 MP: 10/10
  4907 | D:6      | Reached skill level 5 in Armour
  4978 | D:6      | Reached skill level 5 in Fighting
  5676 | D:6      | Found Soammorgh's Weapon Shop.
  6034 | D:7      | Found a sand-covered staircase.
  6042 | Ossuary  | Entered an ossuary
  6282 | Ossuary  | Reached XP level 9. HP: 61/75 MP: 11/11
  6430 | D:7      | Reached skill level 1 in Ranged Weapons
  7431 | D:8      | Found Didinlyl's Distillery.
  7440 | D:8      | Bought 2 potions of curing for 90 gold pieces
  7440 | D:8      | Bought a potion of degeneration for 15 gold pieces
  7440 | D:8      | Bought a potion of might for 60 gold pieces
  7446 | D:8      | Noticed Prince Ribbit
  7454 | D:8      | Killed Prince Ribbit
  7557 | D:8      | Noticed a two-headed ogre
  7564 | D:8      | Killed a two-headed ogre
  7565 | D:8      | Reached skill level 5 in Throwing
  7565 | D:8      | Reached skill level 5 in Dodging
  7565 | D:8      | Reached skill level 5 in Evocations
  7674 | D:8      | Reached XP level 10. HP: 83/83 MP: 13/13
  8121 | D:9      | You fall into a shaft and drop 3 floors!
  8137 | D:11     | Noticed a cyclops
  8143 | D:11     | Killed a cyclops
  8171 | D:10     | Entered Level 10 of the Dungeon
  8501 | D:10     | Paralysed by a hornet for 3 turns
  8509 | D:10     | Paralysed by a hornet for 3 turns
  8767 | D:10     | Found a staircase to the Orcish Mines.
  8844 | D:10     | Noticed Erica
  8849 | D:10     | Killed Erica
  8850 | D:10     | Reached XP level 11. HP: 80/89 MP: 14/14
  8967 | D:9      | Found a staircase to the Lair.
  9760 | D:11     | Noticed a two-headed ogre
  9770 | D:11     | Killed a two-headed ogre
  9840 | D:11     | Paralysed by a hornet for 1 turns
  9842 | D:11     | Paralysed by a hornet for 1 turns
  9965 | D:11     | Noticed a seven-headed hydra
  9976 | D:11     | Killed a 12-headed hydra
 10112 | D:11     | Identified the +8 long sword "Todghexu" {antimagic, Int+2
                  | SInv Stlth+}
 10576 | D:12     | Noticed Frances
 10599 | D:12     | HP: 4/138 [Frances/+0 trident (11)]
 10603 | D:12     | Killed Frances
 10721 | D:12     | Noticed Sonja
 10742 | D:12     | Killed Sonja
 11315 | D:12     | Noticed a two-headed ogre
 11322 | D:12     | Killed a two-headed ogre
 11323 | D:12     | Reached XP level 12. HP: 94/103 MP: 5/15
 11711 | D:13     | Noticed Rupert
 11711 | D:13     | Noticed Nessos
 11711 | D:13     | Found a gate to the Vaults.
 11816 | D:13     | Killed Rupert
 11926 | D:13     | Identified the +1 flail "Mijeepo" {venom, Int+4}
 11956 | D:13     | Noticed a centaur warrior
 11967 | D:13     | Killed a centaur warrior
 12450 | D:13     | Killed Nessos
 12682 | D:13     | Found Bakeliv Luan's Magic Scroll Emporium.
 12690 | D:13     | Bought a scroll of fear for 64 gold pieces
 12690 | D:13     | Bought a scroll of identify for 32 gold pieces
 12690 | D:13     | Bought a scroll of silence for 152 gold pieces
 12690 | D:13     | Bought a scroll of identify for 32 gold pieces
 12971 | D:14     | Noticed a boulder beetle
 12998 | D:14     | Killed a boulder beetle
 13052 | D:14     | Noticed a catoblepas
 13076 | D:14     | Killed a catoblepas
 13077 | D:14     | Reached skill level 1 in Shields
 13352 | D:14     | Noticed a five-headed hydra
 13370 | D:14     | Killed a 15-headed hydra
 13577 | D:13     | Reached XP level 13. HP: 80/111 MP: 5/16
 13684 | Abyss:2  | Cast into level 2 of the Abyss (skeletal warrior)
 13843 | Abyss:2  | Noticed a bone dragon
 13906 | Abyss:2  | HP: 2/111 [bone dragon (10)]
 13908 | Abyss:2  | Mangled by a bone dragon

Illustrated notes

Levels and vault maps discovered:
D:1:      lemuel_arrival_room, layout_basic
D:2:      cheibrodos_pilgrimage, layout_loops_cross
D:3:      layout_loops_ring, nicolae_ru_sacrificial_ziggurat, serial_shops,
          nicolae_shop_peninsula, kennysheep_boxes
D:4:      layout_cave_pools, mainiacjoe_overflow_small_starburst,
          lemuel_coloured_pillars_altar, uniq_sigmund
D:5:      layout_loops_cross, minmay_temple_entry_sparse_star,
          minmay_joined_circles, uniq_edmund
D:6:      layout_basic, lemuel_round_altar,
          chequers_temple_overflow_statue_of_worship, serial_shops,
          nicolae_shop_bloodbath_and_beyond, lightli_orcish_oven
D:7:      layout_basic, makhleb_blood_cavern_becter, chequers_ossuary_entry_cave
D:8:      layout_loops_cross, xom_shifter_show, elyvilon_altar_4, serial_shops,
          shop, minmay_checkerbox, uniq_prince_ribbit1
D:9:      layout_irregular_city, dpeg_oklobed_lair
D:10:     layout_roguey, nicolae_uskayaw_dance_hall,
          mainiacjoe_overflow_surrounded_room, minmay_orc_entry_temple_small,
          nrook_mini_vaults, uniq_erica
D:11:     layout_long_grid
D:12:     layout_stronghold, uniq_sonja, uniq_frances
D:13:     layout_long_grid, david_vaults_3, serial_shops, shop,
          cheibriados_altar_1
D:14:     cheibrodos_lost_city_excavation, layout_cave_pools, serial_undead,
          serial_undead_d, serial_undead_a, serial_undead_c, serial_undead_e,
          minmay_crystal_room
Temple:   jpeg_temple_clearing
Abyss:2:  base:
D:13

Skill      XL: |  1  2  3  4  5  6  7  8  9 10 11 12 13 |
---------------+----------------------------------------+-----
Armour         | 1 2 3 4 6 8 9 |  9.0
Long Blades    | 3 4 5 6 8 9 |  9.4
Dodging        | 3 5 6 8 9 |  9.0
Fighting       | 2 3 4 6 8 9 |  9.4
Throwing       | 2 3 5 6 7 8 |  8.0
Evocations     | 3 5 6 7 |  7.5
Ranged Weapons | 3 |  3.0
Shields        | 3 4 |  4.2

Action                     |  1- 3 |  4- 6 |  7- 9 | 10-12 | 13-15 || total
---------------------------+-------+-------+-------+-------+-------++-------
  Melee: Long sword        |    68 |   199 |   366 |   201 |    86 ||   920
         Punch             |     3 |     1 |    11 |       |       ||    15
         Great sword       |       |       |    47 |   433 |       ||   480
         Scimitar          |       |       |    32 |       |       ||    32
  Throw: Javelin           |     7 |     7 |    13 |    20 |       ||    47
         Boomerang         |       |     3 |   115 |   164 |    10 ||   292
         Throwing net      |       |     1 |     2 |     5 |     2 ||    10
  Evoke: Wand              |       |       |     3 |    17 |     1 ||    21
         Tin of tremorston |       |       |       |     1 |     2 ||     3
    Use: Scroll            |     2 |     6 |     7 |    13 |       ||    28
         Potion            |     1 |     5 |     1 |    19 |     4 ||    30
   Stab: Sleeping          |     1 |       |     1 |       |       ||     2
         Invisible         |       |     1 |     1 |     8 |       ||    10
         Held in net/web   |       |     2 |     3 |     1 |       ||     6
         Paralysed         |       |       |       |    24 |       ||    24
         Petrified         |       |       |       |     2 |       ||     2
 Armour: Leather armour    |    19 |    27 |       |       |       ||    46
         Ring mail         |       |    54 |     7 |       |       ||    61
         Plate armour      |       |       |   437 |   519 |    47 ||  1003
  Dodge: Dodged            |    40 |   144 |   203 |   398 |    31 ||   816
  Block: Kite shield       |       |       |       |    32 |    65 ||    97
